 Dungeon Crawl Stone Soup version 0.29.1-15-g9cfb28693d (webtiles) character file.

Game seed: 17818180762744409821

19 Heoruswealwe the Digger (level 2, -3/15 HPs)
             Began as a Deep Elf Earth Elementalist on Apr 6, 2023.
             Was an Initiate of Ashenzari.
             Succumbed to a scorpion's poison
             ... on level 4 of the Dungeon.
             The game lasted 00:04:56 (518 turns).

Heoruswealwe the Digger (DEEE)                       Turns: 518, Time: 00:04:56

Health: -3/15      AC:  2    Str:  5    XL:     2   Next: 55%
Magic:  1/8        EV: 12    Int: 19    God:    Ashenzari [......]
Gold:   55         SH:  0    Dex: 15    Spells: 5/8 levels left

rFire   . . .      SeeInvis .   (no weapon)
rCold   . . .      Faith    .   (no shield)
rNeg    . . .      Spirit   .   a - +0 robe
rPois   .          Reflect  .   (no helmet)
rElec   .          Harm     .   (no cloak)
rCorr   .          Rampage  .   (no gloves)
Will    .....                   (no boots)
Stlth   ++........              (no amulet)
HPRegen 0.05/turn               (no ring)
MPRegen 0.11/turn               (no ring)

@: lethally poisoned (-3 -> -24)
A: no striking features
a: Renounce Religion, Curse Item


You were on level 4 of the Dungeon.
You worshipped Ashenzari.
Ashenzari was noncommittal.
You visited 1 branch of the dungeon, and saw 3 of its levels.

You collected 55 gold pieces.

Inventory:

Armour
 a - a +0 robe (worn)
 c - a +0 robe
 i - a scarf of resistance
 j - a +0 robe
Jewellery
 h - a +4 ring of evasion
Scrolls
 f - a scroll of poison
 k - a scroll of teleportation
 l - a scroll of torment
Potions
 b - a potion of magic
 d - a potion of resistance
 e - a potion of berserk rage
 g - a potion of attraction


   Skills:
 - Level 2.4 Dodging
 - Level 2.4 Stealth
 + Level 3.8 Spellcasting
 - Level 1.1 Transmutations
 + Level 3.8 Earth Magic


You had 5 spell levels left.
You knew the following spells:

 Your Spells              Type           Power      Damage    Failure   Level
a - Sandblast             Erth           36%        2d10      2%          1
z - Passwall              Tmut/Erth      10%        N/A       8%          2

Your spell library contained the following spells:

 Spells                   Type           Power      Damage    Failure   Level
 Stone Arrow              Conj/Erth      22%        3d8       19%         3
 Petrify                  Tmut/Erth      13%        N/A       45%         4


Dungeon Overview and Level Annotations

Branches:
Dungeon (4/15)
 Temple: D:4-7

Altars:
Ashenzari

Shops:
D:4 *


Message History

The quokka is severely wounded.
The blast of sand hits the quokka.
You kill the quokka!
Things that are here:
a +0 dagger; a goblin corpse A scorpion comes into view.
You can't see any susceptible monsters within range! (Use Z to cast anyway.)
A ball python comes into view.
The ball python hisses angrily.
The blast of sand hits the scorpion.
The scorpion is lightly wounded.
The blast of sand hits the scorpion but does no damage.
The scorpion is lightly wounded.
The scorpion barely misses you.
The blast of sand hits the scorpion.
The scorpion is moderately wounded.
The scorpion barely misses you. x2
The blast of sand hits the scorpion.
The scorpion is heavily wounded.
The scorpion misses you. The scorpion closely misses you.
The blast of sand hits the scorpion.
The scorpion is severely wounded.
The scorpion stings you.
You are lethally poisoned!
The scorpion poisons you! The scorpion closely misses you.
The blast of sand misses the scorpion.
The blast of sand hits the ball python!
You kill the ball python!
You feel very sick. The scorpion stings you.
* * * LOW HITPOINT WARNING * * *
You are more poisoned.
The scorpion poisons you!
Casting: Sandblast (safe; 2% risk of failure)
Confirm with . or Enter, or press ? or * to list all spells.
Aiming: Sandblast (safe; 2% risk of failure)
Press: ? - help, Shift-Dir - straight line, f/p - scorpion
Aim: a scorpion (severely wounded, 82% to hit)
The blast of sand hits the scorpion but does no damage.
The scorpion is severely wounded.
You die...

#..#.∩.#.#
#.##.....# #.
#.##### #. #.## #.
#..# #.###.#
#..#..#
#...##############
##........@s......
#.........#......
#.........# .....
#†........# ....
#.........# ...
#.........# ..
#..)......# .
#.........#
#.........#


You could see a scorpion.

Vanquished Creatures
  3 endoplasms
  A giant cockroach (D:1)
  A goblin (D:4)
  3 hobgoblins (D:1)
  A kobold (D:2)
  2 quokkas
  3 ball pythons
  2 rats (D:1)
16 creatures vanquished.

Notes
Turn   | Place    | Note
-------+----------+-------------------------------------------
     0 | D:1      | Heoruswealwe the Deep Elf Earth Elementalist began the
                  | quest for the Orb.
     0 | D:1      | Reached XP level 1. HP: 10/10 MP: 6/6
   171 | D:1      | Reached XP level 2. HP: 15/15 MP: 5/8
   176 | D:1      | Learned a level 2 spell: Passwall
   371 | D:1      | You fall into a shaft and drop 1 floor!
   421 | D:2      | Found a faded altar of an unknown god.
   426 | D:2      | Prayed at the altar of an unknown god.
   426 | D:2      | Became a worshipper of Ashenzari the Shackled
   453 | D:2      | You fall into a shaft and drop 2 floors!
   475 | D:4      | Found Anomoil's General Store.
   509 | D:4      | Noticed a scorpion
   518 | D:4      | Succumbed to a scorpion's poison

Illustrated notes

Levels and vault maps discovered:
D:1:      onia_arrival_pyramid, layout_rooms
D:2:      minmay_recursive_quarters, layout_rooms,
          hellmonk_ecumenical_altar_heavens_door, nicolae_figureground_sparkle
D:4:      layout_gridville, minmay_temple_entry_butterflies, serial_shops,
          nicolae_shop_stone, nicolae_stop_n_shop_2, nicolae_shop_behind_doors,
          nicolae_shop_statue_plus, nicolae_shop_waterfront

Action                   || total
-------------------------++-------
 Cast: Sandblast         ||    25
  Use: Scroll            ||     5
       Potion            ||     1
Dodge: Dodged            ||     7
